 Dungeon Crawl Stone Soup version 0.28-a0-563-gf77a47075d (webtiles) character file.

Game seed: 36753436107476370

2717 bearlyready the Cleaver (level 9, -7/74 HPs)
             Began as a Gnoll Cinder Acolyte on Sept 30, 2021.
             Was a High Priest of Ignis.
             Mangled by an orc warrior (11 damage)
             ... on level 7 of the Dungeon.
             The game lasted 00:10:22 (8218 turns).

bearlyready the Cleaver (Gnoll Cinder Acolyte)      Turns: 8218, Time: 00:10:22

Health: -7/74      AC: 11    Str: 16    XL:     9   Next: 66%
Magic:  17/17      EV: 10    Int: 21    God:    Ignis [*****.]
Gold:   253        SH:  0    Dex:  7    Spells: 16/18 levels left

rFire   + . .      SeeInvis .   J - +2 war axe (vorpal)
rCold   . . .      Faith    .   (no shield)
rNeg    . . .      Spirit   .   q - +0 scale mail
rPois   .          Reflect  .   A - +0 helmet
rElec   .          Harm     .   (no cloak)
rCorr   .          Rampage  .   c - +2 pair of gloves
Will    .....                   (no boots)
Stlth   +.........              (no amulet)
HPRegen 0.22/turn               I - +6 ring of intelligence
MPRegen 0.15/turn               (no ring)

@: no status effects
A: fangs 1, strong nose, distributed training
a: Renounce Religion, Sea of Fire, Foxfire Swarm, Rising Flame


You were on level 7 of the Dungeon.
You worshipped Ignis.
Ignis was extremely pleased with you.
You visited 1 branch of the dungeon, and saw 7 of its levels.

You collected 253 gold pieces.

Inventory:

Hand Weapons
 a - a -1 hand axe of flaming
 f - a +0 dagger
 k - a +0 short sword
 n - a +0 hunting sling
 o - a +0 flail
 y - a +0 dagger of freezing
 F - a +1 falchion of holy wrath
 G - the +3 mace of the Insatiable Violins {antimagic, rPois Int+2}
   (You found it on level 5 of the Dungeon)

   It reduces the magical energy of the wielder, and disrupts the spells and
   magical abilities of those it strikes.
   Natural abilities and divine invocations are not affected.
   Int:       It affects your intelligence (+2).
   rPois:     It protects you from poison.
 J - a +2 vorpal war axe (weapon)
 K - a +0 dagger of draining
 L - a +3 rapier of speed
Missiles
 d - 280 stones
 j - 22 poisoned darts (quivered)
 D - 43 sling bullets
 M - a curare-tipped dart
Armour
 b - a +0 robe
 c - a +2 pair of gloves (worn)
 q - a +0 scale mail (worn)
 A - a +0 helmet (worn)
Magical Staves
 m - a staff of air
Jewellery
 I - a +6 ring of intelligence (left hand)
Wands
 H - a wand of digging (2)
 N - a wand of charming (7)
Scrolls
 g - 3 scrolls of amnesia {unknown}
 h - 2 scrolls of immolation {unknown}
 i - 2 scrolls of magic mapping {unknown}
 r - 2 scrolls of identify {unknown}
 t - a scroll of fog {unknown}
 u - 2 scrolls of teleportation {unknown}
 w - 3 scrolls of fear {unknown}
 C - a scroll of holy word {unknown}
Potions
 e - a potion of curing {unknown}
 l - a potion of brilliance {unknown}
 p - a potion of cancellation {unknown}
 s - a potion of magic {unknown}
 v - a potion of attraction {unknown}
 x - a potion of mutation {unknown}
 z - a potion of degeneration {unknown}
 E - a potion of lignification {unknown}
Miscellaneous
 B - a phantom mirror


   Skills:
 + Level 8.0 Fighting
 + Level 4.4 Short Blades
 + Level 4.4 Long Blades
 + Level 8.0 Axes
 + Level 4.4 Maces & Flails
 + Level 4.4 Polearms
 + Level 4.4 Staves
 + Level 4.4 Slings
 + Level 4.4 Bows
 + Level 4.4 Crossbows
 + Level 4.4 Throwing
 + Level 4.4 Armour
 + Level 4.4 Dodging
 + Level 4.4 Stealth
 + Level 4.4 Shields
 + Level 4.4 Unarmed Combat
 + Level 5.3 Spellcasting
 + Level 3.7 Conjurations
 + Level 3.7 Hexes
 + Level 3.7 Summonings
 + Level 3.7 Necromancy
 + Level 3.7 Translocations
 + Level 3.7 Transmutations
 + Level 6.6 Fire Magic
 + Level 3.7 Ice Magic
 + Level 3.7 Air Magic
 + Level 3.7 Earth Magic
 + Level 3.7 Poison Magic
 + Level 4.9 Invocations
 + Level 4.4 Evocations


You had 16 spell levels left.
You knew the following spells:

 Your Spells              Type           Power      Damage    Failure   Level
a - Scorch                Fire           66%        2d8       3%          2

Your spell library contained the following spells:

 Spells                   Type           Power      Damage    Failure   Level
 Magic Dart               Conj           84%        1d7       8%          1
 Searing Ray              Conj           42%        2d6       12%         2
 Portal Projectile        Hex/Tloc       42%        N/A       22%         3
 Fulminant Prism          Conj/Hex       10%        3d9       58%         4
 Blade Hands              Tmut           10%        N/A       91%         5
 Excruciating Wounds      Necr           10%        N/A       91%         5


Dungeon Overview and Level Annotations

Branches:
Dungeon (7/15)             Temple (0/1) D:4

Altars:
Ashenzari
Dithmenos
Okawaru
Trog
Uskayaw

Shops:
D:5 *


Innate Abilities, Weirdness & Mutations

You have very sharp teeth.
Your uncanny sense of smell can sniff out nearby items.
Your experience applies equally to all skills.


Message History

You are too injured to fight recklessly!
You are too injured to fight recklessly!
You are too injured to fight recklessly!
You are too injured to fight recklessly!
You are too injured to fight recklessly!
You are too injured to fight recklessly!
You are too injured to fight recklessly!
You are too injured to fight recklessly!
You slash the orc warrior!
The orc warrior is heavily wounded.
You completely miss something. The orc warrior barely misses you.
Something hits you but does no damage.
You are electrocuted!
You hit the orc warrior.
You bite the orc warrior, but do no damage.
The orc warrior is severely wounded.
You barely miss something. The orc warrior misses you. Something hits you.
* * * LOW HITPOINT WARNING * * *
You hit the orc warrior but do no damage.
The orc warrior is severely wounded.
You miss something.
The orc warrior hits you with a +0 war axe.
* * * LOW HITPOINT WARNING * * *
Something hits you.
* * * LOW HITPOINT WARNING * * *
You are electrocuted!
* * * LOW HITPOINT WARNING * * *
You hit the orc warrior but do no damage.
Your bite misses the orc warrior.
The orc warrior is severely wounded.
You hit something.
Reactivating autopickup.
You feel a bit more experienced. The orc warrior closely misses you.
Okay, then.
Okay, then.
Found 12 arrows.
You see here a bubbling red potion.
You hit the orc warrior.
The orc warrior is severely wounded.
The orc warrior hits you with a +0 war axe!
You die...

....... #.....# #.....#
#.....# #.....# #..(..#
#.....#.....#
#....@#.....
#....o#....
####.....#...##########
.........#...#.........
........!#...#.........
....>.)..#...#.........
......)..'...'.........
:........#...#.........
.........##+##.........


You could see an orc warrior.

Vanquished Creatures
  A wyvern (D:6)
  Eustachio (D:6)
  Edmund (D:6)
  Menkaure (D:5)
  An ice beast (D:5)
  4 necrophages
  4 ogres
  The ghost of SpamO the Vexing, an amateur MfAM (D:3)
  A kobold brigand (D:6)
  A gnoll sergeant (D:6)
  4 scorpions
  A water moccasin zombie (D:5)
  A water moccasin skeleton (D:4)
  A wight (D:6)
  A howler monkey (D:5)
  6 hounds
  A bullfrog zombie (D:5)
  A centaur zombie (D:6)
  3 centaur skeletons
  2 jellies
  Ijyb (D:5)
  2 iguanas
  3 orc wizards
  Robin (D:4)
  2 howler monkey zombies
  3 gnolls
  A howler monkey skeleton (D:5)
  4 adders
  2 shadow imps (D:6)
  A white imp (D:5)
  2 worms
  10 dart slugs
  8 orcs
  12 ball pythons
  7 bats
  7 endoplasms
  2 giant cockroaches
  14 goblins
  8 hobgoblins
  8 jackals
  A quokka (D:2)
  3 frilled lizards
  16 kobolds
  A rat (D:3)
156 creatures vanquished.

Notes
Turn   | Place    | Note
-------+----------+-------------------------------------------
     0 | D:1      | bearlyready the Gnoll Cinder Acolyte began the quest for
                  | the Orb.
     0 | D:1      | Reached XP level 1. HP: 23/23 MP: 4/4
   328 | D:1      | Reached XP level 2. HP: 28/29 MP: 5/5
   331 | D:1      | Learned a level 2 spell: Scorch
   683 | D:1      | Reached XP level 3. HP: 35/35 MP: 7/7
  1299 | D:2      | Reached skill level 1 in Invocations
  1585 | D:2      | Reached skill level 1 in Short Blades
  1585 | D:2      | Reached skill level 1 in Long Blades
  1585 | D:2      | Reached skill level 1 in Maces & Flails
  1585 | D:2      | Reached skill level 1 in Polearms
  1585 | D:2      | Reached skill level 1 in Staves
  1585 | D:2      | Reached skill level 1 in Slings
  1585 | D:2      | Reached skill level 1 in Bows
  1585 | D:2      | Reached skill level 1 in Crossbows
  1585 | D:2      | Reached skill level 1 in Throwing
  1585 | D:2      | Reached skill level 1 in Armour
  1585 | D:2      | Reached skill level 1 in Dodging
  1585 | D:2      | Reached skill level 1 in Stealth
  1585 | D:2      | Reached skill level 1 in Shields
  1585 | D:2      | Reached skill level 1 in Unarmed Combat
  1585 | D:2      | Reached skill level 1 in Evocations
  1687 | D:2      | Found a hide-covered altar of Uskayaw.
  1844 | D:2      | Found a faded altar of an unknown god.
  1899 | D:2      | Reached XP level 4. HP: 26/41 MP: 8/8
  2024 | D:3      | Found a broken altar of Ashenzari.
  2132 | D:3      | Found a runed translucent gate.
  2133 | D:3      | Found a runed translucent gate.
  2134 | D:3      | Found a runed translucent gate.
  2368 | D:3      | Reached skill level 1 in Conjurations
  2368 | D:3      | Reached skill level 1 in Hexes
  2368 | D:3      | Reached skill level 1 in Summonings
  2368 | D:3      | Reached skill level 1 in Necromancy
  2368 | D:3      | Reached skill level 1 in Translocations
  2368 | D:3      | Reached skill level 1 in Transmutations
  2368 | D:3      | Reached skill level 1 in Ice Magic
  2368 | D:3      | Reached skill level 1 in Air Magic
  2368 | D:3      | Reached skill level 1 in Earth Magic
  2368 | D:3      | Reached skill level 1 in Poison Magic
  2537 | D:3      | Noticed SpamO's ghost (amateur MfAM)
  2996 | D:4      | Reached XP level 5. HP: 28/47 MP: 4/9
  3332 | D:4      | Noticed Robin
  3351 | D:4      | Killed Robin
  3453 | D:4      | Reached XP level 6. HP: 50/53 MP: 1/11
  3634 | D:4      | Found a staircase to the Ecumenical Temple.
  4138 | D:5      | Entered Level 5 of the Dungeon
  4145 | D:5      | Noticed Menkaure
  4157 | D:5      | Killed Menkaure
  4158 | D:5      | Reached XP level 7. HP: 59/59 MP: 5/12
  4615 | D:3      | Killed SpamO's ghost
  4743 | D:5      | Found an iron altar of Okawaru.
  4751 | D:5      | Identified the +3 mace of the Insatiable Violins
                  | {antimagic, rPois Int+2}
  4975 | D:5      | Reached XP level 8. HP: 66/67 MP: 14/14
  5043 | D:5      | Noticed Ijyb
  5060 | D:5      | Killed Ijyb
  5309 | D:5      | Found Burataycze's Assorted Antiques.
  5772 | D:5      | Found a bloodstained altar of Trog.
  6193 | D:6      | Noticed Edmund
  6219 | D:6      | HP: 1/67 [poisoned by a kobold]
  6283 | D:6      | Killed Edmund
  6660 | D:6      | Reached XP level 9. HP: 73/73 MP: 16/16
  6718 | D:6      | Reached skill level 5 in Spellcasting
  7522 | D:6      | Noticed Eustachio
  7536 | D:6      | Killed Eustachio
  7644 | D:6      | Found a shadowy altar of Dithmenos.
  8210 | D:7      | HP: 2/74 [something (11)]
  8218 | D:7      | Mangled by an orc warrior

Illustrated notes

Levels and vault maps discovered:
D:1:      nzn_arrival_depleted_hourglass, layout_basic, supply_closet_lemuel,
          serial_bayou_lake_a
D:2:      layout_loops_ring, basic_ecumenical_altar, basic_altar, st_stairs_2,
          corexii_item_surrounded_by_moat
D:3:      layout_basic, nicolae_ashenzari_skybound, ebering_ghost_rock_garden,
          serial_park_tiny_pond, serial_park_tiny_2, minmay_between
D:4:      kennysheep_slugbush, layout_rooms, minmay_temple_entry_steel_oval,
          dk_vineyard_1, roderic_roman_lattice, uniq_robin
D:5:      layout_loops_ring, kennysheep_mini, okawaru_ov_weapons_minmay,
          serial_shops, nicolae_shop_trees, serial_park_tiny_2,
          kennysheep_generic_room_15, uniq_ijyb, uniq_menkaure
D:6:      minmay_octagon_keep, layout_basic, grunt_dithmenos_smoke,
          uniq_eustachio, uniq_edmund
D:7:      layout_gridville, lemuel_round_altar

Skill      XL: |  1  2  3  4  5  6  7  8  9 |
---------------+----------------------------+-----
Invocations    | 1 2 3 4 |  4.9
Short Blades   | 1 2 3 4 |  4.4
Long Blades    | 1 2 3 4 |  4.4
Maces & Flails | 1 2 3 4 |  4.4
Polearms       | 1 2 3 4 |  4.4
Staves         | 1 2 3 4 |  4.4
Slings         | 1 2 3 4 |  4.4
Bows           | 1 2 3 4 |  4.4
Crossbows      | 1 2 3 4 |  4.4
Throwing       | 1 2 3 4 |  4.4
Armour         | 1 2 3 4 |  4.4
Dodging        | 1 2 3 4 |  4.4
Stealth        | 1 2 3 4 |  4.4
Shields        | 1 2 3 4 |  4.4
Unarmed Combat | 1 2 3 4 |  4.4
Evocations     | 1 2 3 4 |  4.4
Spellcasting   | 3 4 5 |  5.3
Conjurations   | 1 2 3 |  3.7
Hexes          | 1 2 3 |  3.7
Summonings     | 1 2 3 |  3.7
Necromancy     | 1 2 3 |  3.7
Translocations | 1 2 3 |  3.7
Transmutations | 1 2 3 |  3.7
Ice Magic      | 1 2 3 |  3.7
Air Magic      | 1 2 3 |  3.7
Earth Magic    | 1 2 3 |  3.7
Poison Magic   | 1 2 3 |  3.7
Fighting       | 7 8 |  8.0
Axes           | 7 8 |  8.0
Fire Magic     | 6 |  6.6

Action                   |  1- 3 |  4- 6 |  7- 9 || total
-------------------------+-------+-------+-------++-------
Melee: Hand axe          |   146 |   134 |   165 ||   445
       Bite              |    12 |    10 |    28 ||    50
       Punch             |     1 |       |     2 ||     3
       War axe           |       |       |   122 ||   122
Throw: Dart              |       |       |     6 ||     6
 Cast: Scorch            |       |    29 |    40 ||    69
Evoke: Wand              |       |       |     4 ||     4
  Use: Potion            |       |     1 |     3 ||     4
 Stab: Sleeping          |     1 |       |       ||     1
Armor: Robe              |    59 |       |       ||    59
       Scale mail        |       |    83 |   141 ||   224
Dodge: Dodged            |   108 |    58 |   158 ||   324

Table legend: (Time is in decaauts)
 A = Elapsed time spent in this place.
 B = Non-inter-level travel time spent in this place.
 C = Inter-level travel time spent in this place.
 D = Time resting spent in this place.
 E = Time spent auto-exploring this place.
 F = Levels seen in this place.
 G = Mean time per level.
                   A        B        C        D        E       F      G
               +--------+--------+--------+--------+--------+-----+--------+
         Total |   8261 |   7953 |    308 |    554 |   5864 |   7 | 1180.1 |
       Dungeon |   8261 |   7953 |    308 |    554 |   5864 |   7 | 1180.1 |
               +--------+--------+--------+--------+--------+-----+--------+

Top non-repeatable levels by time:
     D:6: 1917 daAuts
     D:4: 1519 daAuts
     D:5: 1498 daAuts
     D:1: 1085 daAuts
     D:3: 1030 daAuts
     D:2: 948 daAuts
     D:7: 261 daAuts
